[Event "Satranc Arena IM Series-1 2024"]
[Site "Izmir"]
[Date "2024.03.19"]
[Round "4.4"]
[White "David, Alexandru-Vasile"]
[Black "Gunduz, Umut Erdem"]
[Result "0-1"]
[ECO "A70"]
[WhiteElo "2360"]
[BlackElo "2314"]
[Annotator "TA"]
[PlyCount "90"]
[EventDate "2024.03.18"]
[EventCountry "TUR"]
[SourceTitle "playchess.com"]
[Source "ChessBase"]
[SourceQuality "1"]
[TimeControl "5400+30"]

1. d4 Nf6 2. c4 c5 3. d5 e6 4. Nc3 exd5 5. cxd5 d6 6. e4 g6 7. Be2 Bg7 8. Nf3 O-O 9. Be3 a6 10. a4 Nbd7 11. O-O Ng4 12. Bg5 Bf6 13. Bf4 Nge5 14. Nd2 Bg7 15. Be3 g5 16. f4 gxf4 17. Bxf4 {[%emt 0:00:06] White is slightly better.} Rb8 18. Kh1 Qe7 19. Bg3 Kh8 20. Qc2 Rg8 21. Nd1 Bh6 {[%emt 0:00:21][%cal Og8g3] Dodges Ne3} 22. Ra3 b5 23. axb5 axb5 24. Ne3 {[%emt 0:00:39] Nf5 is the strong threat.} Nf6 (24... Rxg3 {keeps more tension.} 25. Nf5 Qg5 26. Rxg3 Qxd2 27. Qxd2 Bxd2 28. Nxd6 c4) 25. Bh4 Bg5 26. Bxg5 Rxg5 27. Rf4 Nh5 28. Bxh5 Rxh5 29. Ndf1 b4 30. Ra1 Qg5 {[%emt 0:00:15] Against Ng3} 31. g3 Bh3 32. b3 Rg8 33. Qe2 Rh6 34. Nf5 Bxf5 35. exf5 Qf6 {[%emt 0:01:31][%cal Oe5d3] [#] Hoping for ...Nd3!} 36. Re1 Qd8 37. Kg2 (37. Ra1 $11) 37... Rh4 $15 38. Kh1 (38. Rxh4 $1 $11 {keeps the balance.} Qxh4 39. Qa6) 38... Rxf4 $17 39. gxf4 Ng4 {[%emt 0:00:37] White must now prevent ...Qa8. Black is more active.} 40. Ng3 {[%emt 0:05:37] White does not recover from this.} (40. Qb2+ $17 {was worth a try.} Qf6 41. Qxf6+ Nxf6 42. Nd2) 40... Qf6 $19 {[%emt 0:01:02] And now ...Qc3 would win.} 41. Qd2 h6 ({Weaker is} 41... Qc3 42. Qxc3+ bxc3 43. Rc1 $17) 42. Re2 $2 {[%emt 0:04:39] [#]} (42. Rf1 {keeps fighting.}) 42... Nxh2 $1 {[%emt 0:01:10][%mdl 512] Black is clearly winning.} 43. Rxh2 {[%emt 0:01:35] aiming for Kg2.} (43. Qd3 Ng4) 43... Rxg3 44. Qa2 {[%emt 0:01:59] Dodges Qa1+} Kh7 {[%emt 0:01:36][%cal Of6c3] ( -> ...Qc3!)} 45. Qb1 Rg4 {[%emt 0:01:32] Weighted Error Value: White=0.55/Black=0.03 (flawless) .  Mistake:       	White=4     	---        Inaccurate:     	White=3     	---        OK:         	White=11    	Black=16     Best:        	---       	Black=1      Brilliant:      	---       	Black=1} (45... Qd4 $142 46. f6+ Rg6) 0-1

[Event "Satranc Arena IM Series-1 2024"]
[Site "Izmir"]
[Date "2024.03.19"]
[Round "4.5"]
[White "Kuru, Atilla"]
[Black "Yalcinkaya, Efe"]
[Result "1-0"]
[ECO "A36"]
[WhiteElo "2246"]
[BlackElo "2085"]
[Annotator "TA"]
[PlyCount "69"]
[EventDate "2024.03.18"]
[EventCountry "TUR"]
[SourceTitle "playchess.com"]
[Source "ChessBase"]
[SourceQuality "1"]
[TimeControl "5400+30"]

1. c4 c5 2. Nc3 Nc6 3. g3 g6 4. Bg2 Bg7 5. d3 e5 6. e4 Nge7 7. Nge2 d6 8. O-O O-O 9. a3 f5 10. h3 Be6 11. f4 Kh8 {[%emt 0:02:30] Black is slightly better.} 12. Kh2 Qd7 13. fxe5 dxe5 14. Nd5 h6 15. Be3 Nd4 16. Nec3 (16. b4 $11) 16... fxe4 ({Black should play} 16... f4 $15 17. gxf4 exf4 18. Nxf4 g5 19. Nxe6 Qd6+ 20. Kh1 Rxf1+ 21. Qxf1 Qxe6) 17. Rxf8+ $11 Rxf8 18. Nxe7 Qxe7 19. Nxe4 b6 {[%emt 0:06:05] [#]} 20. b4 $1 Bd7 (20... cxb4 21. axb4) 21. bxc5 bxc5 22. Rb1 Bc6 {[%emt 0:00:22] Inhibits Rb7.} 23. Qg4 (23. Rb2 {simplifies} Kh7 24. Rf2 Rxf2 25. Bxf2 Bf8 26. Be3) 23... Kh7 24. h4 Rf5 {[%emt 0:05:45] [#]} 25. Re1 (25. Bxd4 $1 $16 cxd4 26. c5) 25... Qf8 26. Kh1 {[%emt 0:01:15] White is more active.} (26. Bxd4 $14 {was preferrable.} exd4 27. Ng5+ hxg5 28. Bxc6 gxh4 29. Be4 hxg3+ 30. Kh3) 26... Qb8 27. Bxd4 exd4 {[%emt 0:01:11] [#]} 28. Ng5+ $1 hxg5 29. Bxc6 Qc8 {[%emt 0:01:30] [#] Black is weak on the light squares. This move loses the game for Black.} (29... gxh4 $16 {might work better.} 30. Be4 Qe5 31. gxh4 (31. Qxh4+ $2 {loses.} Rh5 $19) (31. Kg2 Rg5 $16) 31... Rf6) 30. Bf3 $1 $18 ({But not} 30. Be4 $2 Rf1+ 31. Kg2 Qxg4 $19) 30... Qf8 31. Kg2 Re5 (31... gxh4 32. Qxh4+ Bh6) 32. Be4 Qf6 33. h5 Qa6 34. hxg6+ Kg8 35. Qd7 {[%emt 0:00:07] Weighted Error Value: White=0.11 (very precise) /Black=0.75.  Mistake:       	White=3     	Black=3      Inaccurate:     	White=2     	Black=4      OK:         	White=9     	Black=4      Best:        	White=2     	Black=1      Strong:       	White=1     	---        Brilliant:      	White=2     	---} 1-0

[Event "Satranc Arena IM Series-1 2024"]
[Site "Izmir"]
[Date "2024.03.20"]
[Round "5.1"]
[White "Yalcinkaya, Efe"]
[Black "Aydin, Gulenay"]
[Result "0-1"]
[ECO "B07"]
[WhiteElo "2085"]
[BlackElo "2152"]
[Annotator "RC"]
[PlyCount "68"]
[EventDate "2024.03.18"]
[EventCountry "TUR"]
[SourceTitle "playchess.com"]
[Source "ChessBase"]
[SourceQuality "1"]
[TimeControl "5400+30"]

1. e4 d6 2. d4 Nf6 3. Nc3 e5 4. Nge2 Nbd7 5. h3 g6 6. g4 Bg7 7. Bg2 O-O 8. Be3 Re8 9. d5 a5 10. Ng3 Nc5 11. a4 Rf8 12. Qd2 Bd7 13. f3 c6 14. h4 cxd5 15. exd5 e4 16. O-O-O exf3 17. Bxf3 Nxg4 18. h5 Nxe3 19. Qxe3 Qb6 20. Rde1 Nxa4 21. Qxb6 Nxb6 22. Nge4 Be5 23. Kb1 a4 24. hxg6 hxg6 25. Ng5 a3 26. Nce4 axb2 27. c3 Nc4 28. Kc2 Bf5 29. Kb3 Rfc8 30. Nh7 Ra3+ 31. Kc2 Rxc3+ 32. Kb1 Nd2+ 33. Kxb2 Rb3+ 34. Ka2 Ra8# 0-1

[Event "Satranc Arena IM Series-1 2024"]
[Site "Izmir"]
[Date "2024.03.20"]
[Round "5.2"]
[White "Gunduz, Umut Erdem"]
[Black "Kuru, Atilla"]
[Result "0-1"]
[ECO "A29"]
[WhiteElo "2314"]
[BlackElo "2246"]
[Annotator "TA"]
[PlyCount "52"]
[EventDate "2024.03.18"]
[EventCountry "TUR"]
[SourceTitle "playchess.com"]
[Source "ChessBase"]
[SourceQuality "1"]
[TimeControl "5400+30"]

1. c4 e5 2. Nc3 Nc6 3. g3 Nf6 4. Bg2 Bc5 5. Nf3 O-O 6. O-O h6 {[%emt 0:02:58] [#]} (6... d6 $11 {bleibt in der Remisbreite.}) 7. Nxe5 $1 $16 Nxe5 8. d4 Bxd4 {[%emt 0:07:52] Weiß steht besser.} 9. Qxd4 d6 10. b3 Qe7 11. Bb2 c5 12. Qd2 Rd8 13. Rad1 a6 14. Na4 Bf5 15. Qf4 {[%emt 0:07:46] Pariert Be4.} Bh7 16. Nb6 Rab8 17. Nd5 Nxd5 18. Rxd5 Ng6 19. Qd2 $36 {[%emt 0:01:10][%mdl 2048] Läuft bei Weiss.} b5 20. cxb5 axb5 21. Rd1 Nf8 (21... Re8 $16 22. Qc3 (22. Rxd6 Qxe2 23. Qc1 Ne5 $16) 22... f6 23. Rxd6 Qxe2) 22. Rxd6 Rxd6 23. Qxd6 Qxe2 24. Bf1 {[%emt 0:00:29] Das Läuferpaar ist gut.} Qf3 {[%emt 0:00:12] [#]} (24... Qe8 $16 25. Qxc5 Ne6) 25. Qe5 $2 (25. Qxb8 {führt zum Matt.} Be4 (25... Qxd1 26. Qxb5 Be4 27. Qe2 $16) (25... Qxd1 26. Qxb5 Be4 27. Qe2 $16)) (25. Re1 $1 $18 Rc8 26. Bg2 (26. Bxb5 Be4 $11)) 25... f6 $14 26. Qxb8 (26. Be2 $14 Qe4 27. Qd5+ (27. Qxb8 $2 {zu gefräßig.} Qxe2 28. Rc1 Be4 $19) 27... Ne6 28. Kf1) 26... Be4 {[%emt 0:00:38] Was für ein Comeback für Schwarz.   Gewichteter Fehlerwert: Weiß=0.51/Schwarz=0.24 (präzise) .  Verlustzug:     	Weiß=1     	---        Gewinn verpasst:   	Weiß=1     	---        Fehler:       	---       	Schwarz=2     Ungenau:       	Weiß=1     	Schwarz=3     OK:         	Weiß=6     	Schwarz=7     Bester:       	Weiß=2     	Schwarz=2     Brilliant:      	Weiß=1     	---} (26... Qxd1 27. Qxb5 Nd7 28. Qe2 Qxe2 29. Bxe2 $16) 0-1

[Event "Satranc Arena IM Series-1 2024"]
[Site "Izmir"]
[Date "2024.03.20"]
[Round "5.3"]
[White "Kazimova, Narmin"]
[Black "David, Alexandru-Vasile"]
[Result "1/2-1/2"]
[ECO "D02"]
[WhiteElo "2147"]
[BlackElo "2360"]
[Annotator "TA"]
[PlyCount "70"]
[EventDate "2024.03.18"]
[EventCountry "TUR"]
[SourceTitle "playchess.com"]
[Source "ChessBase"]
[SourceQuality "1"]
[TimeControl "5400+30"]

1. d4 d5 2. Nf3 Nf6 3. Bf4 c5 4. e3 Nc6 5. Nbd2 e6 6. c3 c4 7. Qc2 b5 8. e4 dxe4 9. Nxe4 Nxe4 10. Qxe4 Bb7 11. Be2 Be7 12. O-O O-O 13. Ne5 (13. Rfe1 {vereinfacht} Na5 14. Qe3 Bd5 15. Nd2) 13... Qc8 14. Bf3 Nxe5 15. Qxb7 Nxf3+ 16. Qxf3 Qd7 17. Rfe1 Rfe8 18. Qg4 Rad8 19. Re3 Bf6 20. Rae1 b4 21. Be5 Bxe5 22. Rxe5 Qa4 23. h3 h6 24. Qe4 (24. R1e3 $11) 24... Rf8 (24... Qxa2 $17 25. Qc2 Rb8) 25. cxb4 Qxb4 26. Re2 Qa4 27. a3 (27. d5 $11) 27... Qd1+ $17 28. Re1 Qxd4 29. Qxd4 Rxd4 {[%emt 0:00:06][%mdl 4096] Endspiel. KRR-KRR} 30. Rc5 Rb8 31. Re2 Rb7 32. Rc2 {[%emt 0:00:31] [#]} g5 ({Günstiger ist} 32... Rd1+ $1 $17 33. Kh2 Rb1) 33. R5xc4 {[%emt 0:01:33] Die Stellung ist ausgeglichen.} Rxc4 34. Rxc4 Rxb2 35. Rc7 Rb1+ {[%emt 0:00:26] Gewichteter Fehlerwert: Weiß=0.19 (sehr präzise) /Schwarz=0.16 (sehr präzise) .  Fehler:       	Weiß=2     	Schwarz=2     Ungenau:       	Weiß=5     	Schwarz=2     OK:         	Weiß=8     	Schwarz=10    Bester:       	---       	Schwarz=1} 1/2-1/2

[Event "Satranc Arena IM Series-1 2024"]
[Site "Izmir"]
[Date "2024.03.20"]
[Round "5.4"]
[White "Gur, Ali"]
[Black "Yermolinsky, Alex"]
[Result "0-1"]
[ECO "B23"]
[WhiteElo "1848"]
[BlackElo "2421"]
[Annotator "TA"]
[PlyCount "128"]
[EventDate "2024.03.18"]
[EventCountry "TUR"]
[SourceTitle "playchess.com"]
[Source "ChessBase"]
[SourceQuality "1"]
[TimeControl "5400+30"]

1. e4 c5 2. Nc3 e6 3. g3 d5 4. exd5 exd5 5. Bg2 Nf6 6. d3 d4 7. Nce2 h6 8. Nf3 Nc6 9. O-O {[%emt 0:00:33] Die Stellung ist ausgeglichen.} Be7 10. Re1 O-O 11. Nf4 Bd6 12. c3 dxc3 13. bxc3 Bf5 14. d4 Re8 15. Rxe8+ Qxe8 16. Be3 Rd8 17. Qc1 cxd4 18. Nxd4 Be4 19. Bxe4 Nxe4 20. Nh5 (20. Nd3 $15) 20... Qe5 ({Günstiger ist} 20... Be5 $19 {[%cal Oe4c3] Droht stark ...Nxc3!} 21. Kg2 Qd7) 21. Nf4 Qe8 22. Nh5 {[%emt 0:04:57] [#]} Be5 $1 $36 {[%emt 0:00:43][%cal Oe4c3][%mdl 2048] Droht ...Nxc3! und aus. Läuft bei Schwarz.} 23. Ne2 Qe6 {[%emt 0:05:07] Schwarz hat aktiveres Spiel.} 24. Nhf4 Qc4 {[%emt 0:00:17][%cal Og7g5] Zielt auf ...g5! ab.} 25. Qc2 (25. Qf1 $142) 25... g5 $19 (25... Bxc3 26. Rc1 $17) (25... Nxc3 26. Nxc3 Qxc3 27. Qxc3 Bxc3 28. Rb1 $17) 26. Ng2 Nb4 (26... Nxc3 27. Nxc3 Rd3 (27... Bxc3 28. Rc1 $15) (27... Qxc3 28. Qxc3 Bxc3 29. Rb1 $19) 28. Rd1 Rxc3 (28... Qxc3 $2 29. Qxd3 Qa5 30. h4 $18) 29. Qd2 $17) 27. Qa4 {[%emt 0:03:41] Weiss ist schwach auf den weissen Feldern} b5 (27... Nxc3 28. Nxc3 Bxc3 29. Rb1 $17) (27... Qxe2 28. Re1 Nxc3 (28... Qxa2 $2 29. Qxb4 Bxc3 30. Qxe4 $19) 29. Qxb4 $19) 28. Qb3 Nxc3 $2 (28... Qxe2 $19 {bietet bessere Gewinnchancen.} 29. Qxb4 Bxc3 (29... Nxc3 $2 30. Qb3 $19) (29... Rd1+ $2 30. Rxd1 Qxd1+ 31. Ne1 $19)) 29. Nxc3 Bxc3 30. Rd1 (30. Qxc4 $17 bxc4 31. Rb1) 30... Rxd1+ (30... Nxa2 $2 31. Rxd8+ Kh7 32. Qxc4 bxc4 33. Rc8 $18 (33. Bxa7 Bf6 $18)) 31. Qxd1 Qd3 $2 ({Auf keinen Fall} 31... Nxa2 32. Bxa7 Bf6 33. Ne3 $17) (31... Qxa2 $19 {und Schwarz behält klar die Oberhand. Weiss muss nun ...a5 beachten.} 32. h4 Qa1 (32... Qd5 $2 33. Qg4 $19) 33. Qxa1 Bxa1 34. Bxa7 Nc6) 32. Qxd3 $17 Nxd3 33. Bxa7 {[%emt 0:00:08][%mdl 4096] Endspiel. KBN-KBN} Nb4 34. a3 Nc2 35. Bc5 (35. Kf1 $142) 35... Bb2 36. Ne3 Bxa3 37. Nxc2 $2 (37. Bxa3 $17 {einziger Zug.} Nxa3 38. Kf1) 37... Bxc5 {[%emt 0:00:05] KB-KN} 38. g4 $2 (38. Kf1) 38... Kg7 $19 39. Kf1 Kf6 40. Ke2 Ke5 41. f3 b4 {[%emt 0:00:59] ...b3 ist eine echte Drohung.} 42. Na1 Kd4 43. Nb3+ Kc4 44. Nd2+ Kc3 45. Ne4+ Kd4 {[%emt 0:00:03] Und ...Bf8 würde nun gewinnen.} 46. Kd2 b3 47. Ng3 Bb4+ 48. Kc1 Ke3 49. Nf5+ Kxf3 {[%emt 0:00:02] ...Ba3+ wäre nun fies.} 50. Nxh6 f6 51. Kb2 Bf8 52. Ng8 Bg7 ({Weniger gut wäre} 52... Kxg4 53. Nxf6+ Kf3 (53... Kf5 54. Nd7 $11) 54. Kxb3 $11) 53. Kxb3 Kxg4 {[%emt 0:00:07] Schwarz setzt Matt.} 54. Kc4 Kh3 55. Ne7 Kxh2 56. Nf5 {[%emt 0:00:08] [#]} Bh8 $1 (56... Bf8 $2 57. Kd5 $19) 57. Kd3 g4 58. Nd4 g3 59. Nf3+ Kh1 60. Ke2 g2 61. Kf2 Bg7 62. Ng1 Bf8 63. Ne2 g1=Q+ 64. Nxg1 Bc5+ {[%emt 0:00:07] Gewichteter Fehlerwert: Weiß=0.71/Schwarz=0.18 (sehr präzise) .  Verlustzug:     	Weiß=2     	---        Gewinn verpasst:   	---       	Schwarz=2     Fehler:       	Weiß=4     	Schwarz=1     Ungenau:       	Weiß=1     	Schwarz=1     OK:         	Weiß=8     	Schwarz=16    Bester:       	Weiß=2     	Schwarz=4} 0-1

[Event "Satranc Arena IM Series-1 2024"]
[Site "Izmir"]
[Date "2024.03.20"]
[Round "5.5"]
[White "Baltag, Iulian"]
[Black "Ozsakallioglu, Okan"]
[Result "1/2-1/2"]
[ECO "B40"]
[WhiteElo "2412"]
[BlackElo "2365"]
[Annotator "TA"]
[PlyCount "60"]
[EventDate "2024.03.18"]
[EventCountry "TUR"]
[SourceTitle "playchess.com"]
[Source "ChessBase"]
[SourceQuality "1"]
[TimeControl "5400+30"]

1. e4 c5 2. Nf3 e6 3. b3 b6 4. Bb2 Bb7 5. Nc3 Nc6 6. d4 cxd4 7. Nxd4 a6 {[%emt 0:02:28] Prevents Ndb5.} 8. Nxc6 Bxc6 9. Qd3 b5 10. O-O-O Rc8 11. Kb1 Nf6 {[%emt 0:04:20] White must now prevent ...b4.} 12. f3 d5 (12... Be7 $11 {remains equal.}) 13. exd5 $16 Nxd5 14. Nxd5 Qxd5 {[%emt 0:00:33] [#]} 15. Qxd5 (15. Qe2 $1 $16 Qc5 16. Qe1) 15... Bxd5 $11 {[%emt 0:01:12] The position is equal.} 16. a4 Bc6 17. axb5 axb5 18. Bd3 f6 19. Rhe1 Kf7 20. Be4 Be7 21. Bxc6 Rxc6 22. Rd7 Rd8 23. Rxd8 Bxd8 {[%emt 0:00:05][%mdl 4096] Endgame. KRB-KRB} 24. Rd1 Ke8 25. c4 bxc4 26. Rc1 Bc7 27. h3 Kd7 28. Rxc4 Rxc4 29. bxc4 Bd6 30. Kc2 Kc6 {[%emt 0:00:05] Weighted Error Value: White=0.11 (very precise) /Black=0.17 (very precise) .  Mistake:       	White=1     	Black=1      OK:         	White=10    	Black=5      Best:        	White=2     	---} 1/2-1/2

[Event "Satranc Arena IM Series-1 2024"]
[Site "Izmir"]
[Date "2024.03.20"]
[Round "6.1"]
[White "Aydin, Gulenay"]
[Black "Ozsakallioglu, Okan"]
[Result "0-1"]
[ECO "B22"]
[WhiteElo "2152"]
[BlackElo "2365"]
[Annotator "TA"]
[PlyCount "76"]
[EventDate "2024.03.18"]
[EventCountry "TUR"]
[SourceTitle "playchess.com"]
[Source "ChessBase"]
[SourceQuality "1"]
[TimeControl "5400+30"]

1. e4 c5 2. c3 Nf6 3. e5 Nd5 4. Nf3 Nc6 5. Bc4 Nb6 6. Bb3 c4 7. Bc2 d5 8. exd6 Qxd6 9. O-O Bg4 10. h3 Bh5 11. Re1 {[%emt 0:00:27] Against Ne5} O-O-O {[%emt 0:04:25] The position is equal.} 12. b3 e5 (12... Qf6 $1 $11 {keeps the balance.}) 13. Qe2 Nd5 14. Bd1 $2 ({Reject} 14. bxc4 $6 Nf4 15. Qe3 Bg6 $15) (14. Na3 $14 {keeps the upper hand.}) 14... f5 (14... Nf4 $17 15. Qxc4 Qg6) 15. Qxc4 $15 Bxf3 16. Bxf3 e4 17. Be2 {[%emt 0:05:23] [#] White is weak on the dark squares} (17. Bd1 $1 $15) 17... Qg6 $1 $17 {[%emt 0:01:32][%mdl 1024] Black has strong compensation.} 18. Bf1 Nb6 ({Much less strong is} 18... Nf4 19. Re3 $15) 19. Qb5 Rd5 20. Qe2 Ne5 {[%emt 0:00:11] Black has more active pieces. The white rooks are passive.} ({Better is} 20... Rd3 $17 {[%cal Ob6d5] aiming for ...Nd5!} 21. Kh1 Nd5) 21. d4 $1 $132 {[%emt 0:00:16][%mdl 2048] White puts up resistance} Nf3+ ({Of course not} 21... exd3 $6 22. Qd1 Qf6 23. a4 $16) 22. Kh1 Nxe1 23. Qxe1 Rd8 24. c4 ({Only move:} 24. a4 $1 $11) 24... Rxd4 25. Be3 ({White should play} 25. Bb2 $1 $15 Rd7 26. Qa5) 25... Rd7 $17 26. Qa5 $2 {[%emt 0:06:30][%mdl 8192] Loses the game.} (26. Qc1 $17) 26... Rd1 $19 27. Kg1 {[%emt 0:00:11] [#]} f4 $1 28. Bxf4 Bd6 29. c5 Bxf4 30. cxb6 axb6 31. Qc3+ Kb8 32. Na3 Rxa1 33. Qxa1 e3 {[%emt 0:00:40] ( -> ...exf2+)} 34. fxe3 Bxe3+ {[%emt 0:00:04] Black mates.} 35. Kh1 Qg3 36. Nc4 Bf4 37. Kg1 Rf8 38. Qd1 Bc7 {[%emt 0:00:08] Weighted Error Value: White=0.76/Black=0.16 (very precise) .  Loses game:     	White=1     	---        Mistake:       	White=4     	Black=3      Inaccurate:     	White=2     	Black=1      OK:         	White=7     	Black=9      Best:        	White=2     	Black=1      Strong:       	White=1     	Black=1} 0-1

[Event "Satranc Arena IM Series-1 2024"]
[Site "Izmir"]
[Date "2024.03.20"]
[Round "6.2"]
[White "Yermolinsky, Alex"]
[Black "Baltag, Iulian"]
[Result "1-0"]
[ECO "D37"]
[WhiteElo "2421"]
[BlackElo "2412"]
[Annotator "TA"]
[PlyCount "117"]
[EventDate "2024.03.18"]
[EventCountry "TUR"]
[SourceTitle "playchess.com"]
[Source "ChessBase"]
[SourceQuality "1"]
[TimeControl "5400+30"]

1. d4 d5 2. c4 e6 3. Nc3 h6 4. Nf3 Nf6 5. Bf4 Bd6 6. Bxd6 Qxd6 7. e3 O-O 8. Be2 {[%emt 0:00:21] White is slightly better.} dxc4 9. Nd2 Qe7 10. Nxc4 c5 11. dxc5 Qxc5 12. Qd6 Qxd6 13. Nxd6 Nc6 14. O-O-O Rb8 15. f4 e5 16. f5 b6 {[%emt 0:12:26] Black is weak on the light squares} (16... Ne7 $14 {might be stronger.}) 17. g4 $16 {[%emt 0:04:38] White is much more active. The black rooks are passive.} Bb7 (17... Rd8 $142) 18. h4 Ne8 (18... Na5 $16 {keeps fighting.}) 19. Nxb7 $18 Rxb7 20. Bf3 Rc7 21. Nd5 Rc8 22. Kb1 Kh8 23. Rc1 ({White should try} 23. g5 $18) 23... e4 24. Bxe4 Nd6 {[%emt 0:00:04] [#]} 25. Nxb6 $1 axb6 26. Bxc6 h5 27. Rhd1 Rfd8 28. Bf3 hxg4 29. Rxc8 Rxc8 30. Bxg4 {[%emt 0:00:03][%mdl 4096] Endgame. KRB-KRN} Nc4 {[%emt 0:00:48] [#]} 31. f6 $1 Re8 32. Be2 Nxe3 33. Rd7 {[%emt 0:02:21] aiming for Re7.} gxf6 34. Rxf7 Re4 (34... Re6 $16 {was necessary.} 35. h5 Kg8) 35. Rxf6 Rxh4 36. Kc1 (36. Rxb6 $2 {is a self mate.} Rh1+) 36... Rh2 37. Bd3 Nd5 38. Rd6 Rh5 39. Be4 Ne3 40. Rxb6 Rc5+ 41. Kb1 Nc4 {[%emt 0:00:21] ( -> ...Nd2+)} 42. Rb8+ Kg7 43. Rd8 {[%emt 0:00:07] Inhibits Nd2+.} Kf6 44. b3 Ne3 45. Kb2 Ke5 46. Bb1 Nd5 47. a4 Rc7 48. Bd3 Rg7 49. Ka3 {[%emt 0:00:24] Against Nb4} Rg1 50. Bc4 Ne7 51. Rd2 Nc6 52. Rd5+ Ke4 53. Rd6 Nd4 54. Kb4 Rg5 55. a5 {[%emt 0:00:23][%cal Ba4a5,Ba5a6,Ba6a7][%mdl 32] Hoping for a6.} Rg1 56. a6 {[%emt 0:00:15] White threatens a7 and mate.} Ra1 57. Kc5 Ra5+ 58. Kb6 Ra3 59. a7 {[%emt 0:07:36] Weighted Error Value: White=0.11 (very precise) /Black=0.26 (precise) .  Mistake:       	White=1     	Black=5      Inaccurate:     	White=1     	Black=2      OK:         	White=24    	Black=15     Best:        	White=5     	Black=1      Brilliant:      	White=1     	---} 1-0

[Event "Satranc Arena IM Series-1 2024"]
[Site "Izmir"]
[Date "2024.03.20"]
[Round "6.3"]
[White "David, Alexandru-Vasile"]
[Black "Gur, Ali"]
[Result "1-0"]
[ECO "E29"]
[WhiteElo "2360"]
[BlackElo "1848"]
[Annotator "TA"]
[PlyCount "59"]
[EventDate "2024.03.18"]
[EventCountry "TUR"]
[SourceTitle "playchess.com"]
[Source "ChessBase"]
[SourceQuality "1"]
[TimeControl "5400+30"]

1. d4 Nf6 2. c4 e6 3. Nc3 Bb4 4. e3 O-O 5. a3 Bxc3+ 6. bxc3 c5 7. Bd3 d6 8. e4 Nc6 9. Ne2 e5 10. d5 Na5 11. Ng3 b6 12. O-O Re8 13. Rb1 Bg4 14. f3 Bd7 {[%emt 0:00:18] Weiß steht etwas besser.} 15. f4 exf4 16. Bxf4 (16. Rxf4 $5 h6 17. Rb2 $16) 16... Ng4 $1 17. Bxd6 {[%emt 0:01:07] Zielt auf Qf3 ab.} Qh4 (17... Nb7 $14 18. Bf4 Ne5) 18. h3 Nb7 19. Bf4 $36 {[%emt 0:02:20][%mdl 2048] Schwarz steht unter Druck. Das Läuferpaar ist gut.} g5 $2 {[%emt 0:02:05][%mdl 8192] [#] Danach kann Schwarz die Partie nicht mehr halten.} (19... Ne5 $1 $14) 20. Qf3 gxf4 21. Qxf4 Re7 22. hxg4 f5 (22... Qxg4 $142 23. Qf6 Qxg3 24. Qxe7 Qe3+ 25. Rf2 (25. Kh2 Rf8 $18) 25... Bg4 26. Qxf7+ (26. Qxb7 Rf8 $18) 26... Kh8 27. Qf6+ (27. Qxb7 Rg8 $18) 27... Kg8) 23. e5 Rg7 (23... Qxg4 $142 24. Qxg4+ (24. Nxf5 Bxf5 25. Qxf5 Qxf5 $18) (24. Bxf5 Qxf4 25. Rxf4 Bxf5 $18) 24... fxg4) 24. Bxf5 $18 Qe7 25. Bxd7 {[%emt 0:01:50] [#] Nf5 wäre nun fies.} Qxd7 26. Nh5 {[%emt 0:00:09] jetzt Nf6+ und aus.} Rg6 27. Nf6+ {[%emt 0:00:08] Weiß setzt Matt.} Rxf6 28. Qxf6 Qxg4 29. Rf5 h6 30. Rbf1 {[%emt 0:00:06] Gewichteter Fehlerwert: Weiß=0.34/Schwarz=0.89.  Verlustzug:     	---       	Schwarz=1     Fehler:       	---       	Schwarz=3     Ungenau:       	Weiß=2     	Schwarz=3     OK:         	Weiß=3     	Schwarz=2     Bester:       	Weiß=1     	---        Stark:        	---       	Schwarz=1} 1-0

[Event "Satranc Arena IM Series-1 2024"]
[Site "Izmir"]
[Date "2024.03.20"]
[Round "6.4"]
[White "Kuru, Atilla"]
[Black "Kazimova, Narmin"]
[Result "1-0"]
[ECO "C29"]
[WhiteElo "2246"]
[BlackElo "2147"]
[Annotator "TA"]
[PlyCount "53"]
[EventDate "2024.03.18"]
[EventCountry "TUR"]
[SourceTitle "playchess.com"]
[Source "ChessBase"]
[SourceQuality "1"]
[TimeControl "5400+30"]

1. e4 e5 2. Nc3 Nf6 3. f4 d5 4. fxe5 Nxe4 5. Qf3 Nxc3 6. dxc3 Be6 7. Bf4 Nd7 8. Qg3 {[%emt 0:00:33] Inhibits g5. The position is equal.} h5 9. h4 Nc5 {[%emt 0:00:43] White must now prevent ...Ne4.} 10. Bd3 Qd7 11. Nf3 Nxd3+ 12. cxd3 c5 (12... Qb5 $11) 13. O-O $14 g6 {[%emt 0:10:46] Black is weak on the dark squares} 14. Bg5 Bg7 15. Bf6 O-O 16. Qg5 {[%emt 0:00:09] Prevents Bh6. White is more active.} Bf5 17. d4 b6 18. Rf2 Qe6 (18... Rae8 $14) 19. Raf1 Bd3 20. Re1 $40 {[%emt 0:01:54][%mdl 128] White has strong attack.} c4 $2 {[%emt 0:05:02][%mdl 8192] Black cannot hold the game after this.} (20... Rac8 $16) 21. Nh2 $18 (21. Bxg7 Kxg7 22. g3 Rae8 $14) 21... Rae8 22. Re3 {[%emt 0:00:26] [#] aiming for g4.} Qd7 23. g4 Qa4 $2 (23... Bxf6 24. Rxf6 hxg4 25. Nxg4 Qd8) 24. Re1 {[%emt 0:02:04] White is clearly winning.} Bxf6 25. Rxf6 Be4 26. Rf2 Qd7 27. gxh5 {[%emt 0:00:11] Weighted Error Value: White=0.26 (precise) /Black=0.49.  Loses game:     	---       	Black=1      Mistake:       	---       	Black=3      Inaccurate:     	White=2     	Black=2      OK:         	White=6     	Black=5      Best:        	White=3     	Black=1} 1-0